[Event "Titled Tuesday Blitz April 25 Late 2023"]
[White "Pesotskiy, Mikhail"]
[Black "Bronstein, Or"]
[WhiteFideId "34164453"]
[BlackFideId "2815770"]
[WhiteElo "2131"]
[BlackElo "2356"]
[Result "1/2-1/2"]
[Round "09"]
[TimeControl "180+2"]
[Date "2023.04.25"]
[WhiteClock "0:00:08"]
[BlackClock "0:00:18"]

1. d4 Nf6 2. c4 g6 3. Nc3 Bg7 4. e4 d6 5. f3 O-O 6. Be3 Nbd7 7. Bd3 c5 8. Nge2 cxd4 9. Nxd4 Nc5 10. Be2 a6 11. O-O e5 12. Nc2 Ne6 13. Qd2 Qe7 14. Rfd1 Rd8 15. Nb4 Nd4 16. Bxd4 exd4 17. Qxd4 Be6 18. Qd2 Rac8 19. Nbd5 Bxd5 20. Nxd5 Nxd5 21. cxd5 Rc5 22. Rac1 Rdc8 23. Rxc5 Rxc5 24. Rc1 Qc7 25. Rxc5 Qxc5+ 26. Kf1 b5 27. g3 h5 28. Kg2 Bd4 29. Bd3 Be3 30. Qc2 Qb4 31. Qc8+ Kg7 32. Qc3+ Qxc3 33. bxc3 Bc5 34. f4 Kf6 35. Kf3 g5 36. h3 h4 37. gxh4 gxf4 38. Kxf4 Ba3 39. h5 Bc1+ 40. Kg4 Ke5 41. Bc2 Bd2 42. a4 bxa4 43. Bxa4 a5 44. Bc2 Kf6 45. c4 Ke5 46. Kf3 Kd4 47. Bb3 Kc3 48. Ba4 Kxc4 49. Be8 f6 50. Kg4 Kb4 51. Kf5 a4 52. Bxa4 Kxa4 53. Kxf6 Kb4 54. e5 Bc3 55. h6 Bxe5+ 56. Ke6 Kc5 57. h4 Bc3 58. h7 Bb2 59. h5 Ba1 60. h6 Bb2 61. Kf7 Kxd5 62. Kg8 Ke6 63. h8=Q Bxh8 64. Kxh8 Kf7 65. h7 d5 1/2-1/2


[Site "https://www.chess.com"]

[Event "Titled Tuesday Blitz April 25 Late 2023"]
[White "Deviprasath, Sharvesh"]
[Black "Sabuk, Piotr"]
[WhiteFideId "30938228"]
[BlackFideId "1137565"]
[WhiteElo "2168"]
[BlackElo "2298"]
[Result "0-1"]
[Round "09"]
[TimeControl "180+2"]
[Date "2023.04.25"]
[WhiteClock "0:00:13"]
[BlackClock "0:00:07"]

1. c4 e6 2. Nf3 d5 3. e3 Nf6 4. Nc3 c5 5. d4 cxd4 6. exd4 Bb4 7. cxd5 Nxd5 8. Bd2 O-O 9. Bd3 Nf6 10. O-O b6 11. Bg5 Bb7 12. Qe2 Nbd7 13. Rfd1 Rc8 14. Rac1 h6 15. Bh4 Be7 16. Ba6 Bxa6 17. Qxa6 Qc7 18. h3 Rfd8 19. d5 Nc5 20. Qc4 exd5 21. Nxd5 Nxd5 22. Rxd5 Rxd5 23. Qxd5 Bxh4 24. Nxh4 Qf4 25. Qc4 Qxc4 26. Rxc4 Rd8 27. b4 Ne6 28. Nf5 Rd1+ 29. Kh2 Rd2 30. a4 Rxf2 31. Ne7+ Kh7 32. Nc8 Ra2 33. a5 bxa5 34. b5 Rb2 35. Nxa7 g5 36. Ra4 Nf4 37. Rxa5 Rxg2+ 38. Kh1 Rb2 39. Nc8 Nxh3 40. b6 g4 41. Ra3 h5 42. Nd6 Rxb6 43. Nxf7 Rb2 44. Ne5 Kh6 45. Rg3 Kg5 46. Nf3+ Kf4 0-1


[Site "https://www.chess.com"]

[Event "Titled Tuesday Blitz April 25 Late 2023"]
[White "Prohaszka, Peter"]
[Black "Harriott, Tyrell"]
[WhiteFideId "726265"]
[BlackFideId "2086484"]
[WhiteElo "2626"]
[BlackElo "2107"]
[Result "1/2-1/2"]
[Round "09"]
[TimeControl "180+2"]
[Date "2023.04.25"]
[WhiteClock "0:00:08"]
[BlackClock "0:00:05"]

1. d4 e6 2. c3 d5 3. Nf3 Bd6 4. Bg5 Ne7 5. Nbd2 f6 6. Bh4 Ng6 7. Bg3 O-O 8. e4 c6 9. Bd3 f5 10. Bxd6 Qxd6 11. e5 Qe7 12. g3 c5 13. dxc5 Qxc5 14. Nb3 Qc7 15. O-O Nc6 16. Re1 Ncxe5 17. Nxe5 Nxe5 18. f4 Ng4 19. Nd4 Qb6 20. Qb3 Qc5 21. Qb4 Qxb4 22. cxb4 Kf7 23. Rac1 Re8 24. Rc7+ Kf8 25. Bb5 Re7 26. Rxe7 Kxe7 27. Nxf5+ Kf6 28. Nd4 h5 29. Be2 Bd7 30. h3 Ne3 31. Bxh5 Nc4 32. Re2 e5 33. fxe5+ Nxe5 34. g4 g5 35. h4 Nxg4 36. Bxg4 Bxg4 37. hxg5+ Kxg5 38. Re5+ Kf4 39. Rxd5 Ke4 40. Rd6 Rc8 41. Kf2 Rc1 42. Rg6 Bd1 43. Nb3 Bxb3 44. axb3 Rc2+ 45. Ke1 Rxb2 46. Rg7 Rxb3 47. Rxb7 a5 48. b5 a4 49. Ra7 Rxb5 50. Rxa4+ Kd5 51. Ra3 Kc5 52. Kd2 Rb4 53. Kc3 Rg4 54. Ra5+ Kb6 55. Rf5 Rh4 56. Kd3 Rg4 57. Ke3 Ra4 58. Kf3 Rb4 59. Rf4 Rxf4+ 60. Kxf4 1/2-1/2


[Site "https://www.chess.com"]

[Event "Titled Tuesday Blitz April 25 Late 2023"]
[White "Liu, Casper"]
[Black "Kucuksari, Kaan"]
[WhiteFideId "1454153"]
[BlackFideId "6380166"]
[WhiteElo "2221"]
[BlackElo "2364"]
[Result "0-1"]
[Round "09"]
[TimeControl "180+2"]
[Date "2023.04.25"]
[WhiteClock "0:00:23"]
[BlackClock "0:00:13"]

1. e4 e5 2. Nf3 Nc6 3. d4 exd4 4. Nxd4 Bc5 5. Be3 Qf6 6. c3 Nge7 7. g3 d5 8. Bg2 Nxd4 9. cxd4 Bb4+ 10. Nc3 dxe4 11. O-O O-O 12. Nxe4 Qg6 13. a3 Bd6 14. Nxd6 cxd6 15. Qb3 d5 16. Bf4 Nc6 17. Qxd5 Rd8 18. Qc5 Nxd4 19. Qe7 Bg4 20. Qxb7 Ne2+ 21. Kh1 Nxf4 22. gxf4 Rab8 23. Qxa7 Rxb2 24. Qe7 Rdb8 25. a4 h6 26. a5 Be2 27. Rg1 Bc4 28. a6 Bxa6 29. Be4 Qxe4+ 30. Qxe4 Bb7 31. Qxb7 R8xb7 32. Ra8+ Kh7 33. Kg2 R7b4 34. Kg3 R4b3+ 35. f3 Re2 36. Ra7 f6 37. h4 h5 38. Ra5 Kh6 39. Rg2 Re1 40. Raa2 Ree3 41. Rgf2 Red3 42. Ra1 Rd4 43. Ra8 Kh7 44. Ra5 Kg6 45. f5+ Kh6 46. Ra8 Kh7 47. Re2 Rdd3 48. Ree8 Rxf3+ 49. Kg2 Rxf5 50. Ra7 Rf4 51. Ra5 Rg4+ 52. Kf2 Rxh4 53. Re7 Rb2+ 54. Kg3 Rg4+ 55. Kh3 Rg5 56. Ra3 Rb1 57. Kh2 Rb4 58. Kh3 Rbg4 59. Re8 Rg1 60. Kh2 R5g2+ 61. Kh3 Rg6 62. Kh2 R1g4 63. Kh3 h4 64. Re2 Rg3+ 65. Rxg3 hxg3 66. Kg2 Rg5 67. Re4 Kg6 68. Rh4 Kf5 69. Ra4 Kg6 70. Rh4 f5 71. Rf4 Rg4 72. Rxg4+ fxg4 73. Kxg3 Kg5 74. Kg2 Kf4 75. Kf2 g3+ 76. Kg2 Kg4 77. Kg1 Kf3 78. Kf1 g2+ 79. Kg1 g6 80. Kh2 Kf2 81. Kh3 g1=Q 82. Kh4 Qg3# 0-1


[Site "https://www.chess.com"]

[Event "Titled Tuesday Blitz April 25 Late 2023"]
[White "Makaraci, Tunahan"]
[Black "Gonzalez, Francisco Silva"]
[WhiteFideId "6356559"]
[BlackFideId "1512285"]
[WhiteElo "2160"]
[BlackElo "2074"]
[Result "0-1"]
[Round "09"]
[TimeControl "180+2"]
[Date "2023.04.25"]
[WhiteClock "0:00:12"]
[BlackClock "0:00:19"]

1. e4 e5 2. Nc3 Nf6 3. f4 d5 4. fxe5 Nxe4 5. Qf3 f5 6. d3 Nxc3 7. bxc3 d4 8. Qg3 dxc3 9. Be2 Be6 10. Bf3 Nc6 11. Bxc6+ bxc6 12. Ne2 Qd7 13. O-O Bc5+ 14. Be3 Bb6 15. Nxc3 Bd4 16. Qe1 O-O 17. Rb1 Bxe5 18. Bc5 Bd4+ 19. Bxd4 Qxd4+ 20. Kh1 Rfe8 21. Ne2 Qe3 22. Rf3 Qe5 23. d4 Qe4 24. Rf4 Qe3 25. Rf3 Qe4 26. Rf4 Qxc2 27. Rc1 Qxa2 28. Nc3 Qb2 29. Rf2 Qb3 30. Rb1 Qc4 31. Re2 Bf7 32. Re5 Rxe5 33. dxe5 a5 34. Rc1 a4 35. Ne2 Qe4 36. Qd2 Bd5 37. Nf4 Qxe5 38. Re1 Qd6 39. Nh5 a3 40. Nf4 a2 41. Ra1 Qe5 42. Qc1 Qxa1 43. Qxa1 Rb8 0-1


[Site "https://www.chess.com"]

[Event "Titled Tuesday Blitz April 25 Late 2023"]
[White "Tymrakiewicz, Rafal"]
[Black "Demchenko, Anton"]
[WhiteFideId "1108832"]
[BlackFideId "4160258"]
[WhiteElo "2151"]
[BlackElo "2545"]
[Result "0-1"]
[Round "09"]
[TimeControl "180+2"]
[Date "2023.04.25"]
[WhiteClock "0:00:03"]
[BlackClock "0:00:07"]

1. e4 e5 2. Nf3 Nc6 3. Bb5 a6 4. Bxc6 dxc6 5. Nc3 f6 6. d4 exd4 7. Qxd4 Qxd4 8. Nxd4 Bd7 9. Be3 O-O-O 10. h4 h5 11. Rd1 Bb4 12. Ne2 Ne7 13. a3 Bd6 14. f4 Bg4 15. Kf2 Rhf8 16. Rd2 Kb8 17. Nd4 c5 18. Nde2 Nc8 19. Nd5 Rfe8 20. Ng3 Bf8 21. b3 b6 22. f5 Bd6 23. Nf4 Bxf4 24. Bxf4 Rxd2+ 25. Bxd2 Nd6 26. Re1 c4 27. Bf4 cxb3 28. cxb3 Nb5 29. e5 fxe5 30. Rxe5 Rf8 31. Re7 Bxf5 32. a4 Nd6 33. Bxd6 cxd6 34. Rxg7 Be6+ 35. Ke3 Bxb3 36. Nxh5 Bxa4 37. Nf6 Rxf6 38. g4 Bc2 39. g5 Rf1 40. h5 Rh1 41. h6 a5 42. Kd2 Be4 43. Ke3 d5 44. Kd4 a4 45. Kc3 a3 46. Kb3 Rh3+ 47. Ka2 b5 48. Re7 b4 49. Rxe4 dxe4 50. g6 Rxh6 51. g7 Rg6 52. Kb3 Rxg7 0-1


[Site "https://www.chess.com"]

[Event "Titled Tuesday Blitz April 25 Late 2023"]
[White "Erzhanov, Arman"]
[Black "Preotu, Razvan"]
[WhiteFideId "4138821"]
[BlackFideId "2613280"]
[WhiteElo "2138"]
[BlackElo "2407"]
[Result "1-0"]
[Round "09"]
[TimeControl "180+2"]
[Date "2023.04.25"]
[WhiteClock "0:00:56"]
[BlackClock "0:00:01"]

1. e4 c5 2. Nf3 d6 3. Bb5+ Nd7 4. c3 Nf6 5. Qe2 a6 6. Ba4 b5 7. Bc2 Bb7 8. O-O e6 9. d4 Qc7 10. Re1 Be7 11. Nbd2 cxd4 12. Nxd4 O-O 13. N2f3 Nc5 14. Nd2 Rfe8 15. f3 g6 16. Nf1 e5 17. Nb3 d5 18. exd5 Nxd5 19. Ng3 Bf8 20. Ne4 Nxe4 21. Bxe4 f5 22. Bc2 Rac8 23. a3 e4 24. fxe4 fxe4 25. Be3 Bd6 26. g3 Nxe3 27. Qxe3 Bd5 28. Nd4 Bc5 29. Rad1 Bb7 30. Qh6 Qg7 31. Bb3+ Kh8 32. Qxg7+ Kxg7 33. Kf1 Rf8+ 34. Ke2 Bxd4 35. Rxd4 e3 36. Rd7+ Kh6 37. Rxb7 Rf2+ 38. Kxe3 Rxb2 39. Be6 Rxc3+ 40. Kd4 Rxa3 41. Bg8 Rd2+ 42. Kc5 Rc3+ 43. Kb6 Rd6+ 44. Ka7 Kg5 45. Re4 h5 46. Be6 Kf6 47. Rf7+ Kg5 48. h4+ Kh6 49. Rb7 Rd8 50. Bf7 Rc6 51. Ree7 b4 52. Bd5 1-0


[Site "https://www.chess.com"]

[Event "Titled Tuesday Blitz April 25 Late 2023"]
[White "Bitoon, Richard"]
[Black "Karas, Marek"]
[WhiteFideId "5201110"]
[BlackFideId "14928558"]
[WhiteElo "2374"]
[BlackElo "2233"]
[Result "1/2-1/2"]
[Round "09"]
[TimeControl "180+2"]
[Date "2023.04.25"]
[WhiteClock "0:00:03"]
[BlackClock "0:00:42"]

1. e4 e6 2. d4 d5 3. Nd2 a6 4. Bd3 c5 5. dxc5 Bxc5 6. exd5 exd5 7. Ngf3 Qe7+ 8. Be2 Nf6 9. O-O O-O 10. Nb3 Bb6 11. Bg5 h6 12. Bxf6 Qxf6 13. c3 Be6 14. Nfd4 Nc6 15. Bf3 Nxd4 16. Nxd4 Bxd4 17. Qxd4 Qxd4 18. cxd4 Rac8 19. Rac1 Rfd8 20. Rfe1 Kf8 21. Kf1 b6 22. Rc3 Rxc3 23. bxc3 Rc8 24. Rc1 Ke7 25. Ke2 Kd6 26. Kd2 b5 27. a3 Bf5 28. Re1 Be6 29. Kc2 Bf5+ 30. Kb2 Be4 31. Be2 Bxg2 32. Rg1 Be4 33. a4 bxa4 34. Bxa6 Rb8+ 35. Ka3 Rb3+ 36. Kxa4 Rxc3 37. Rxg7 Bg6 38. Rg8 Rc2 39. Rd8+ Ke7 40. Ra8 Rxf2 41. Kb4 Rxh2 42. Kc5 Ra2 43. Kxd5 h5 44. Ke5 h4 45. Ra7+ Kf8 46. Kf6 Kg8 47. Ra8+ Kh7 48. Bb7 Rxa8 49. Bxa8 h3 50. Bf3 Kg8 51. Kg5 Bd3 52. Kg4 Bf1 53. Kg3 Kf8 54. Bg4 Ke7 55. Bxh3 Bxh3 56. Kxh3 Kd6 57. Kg4 Kd5 58. Kf5 Kxd4 59. Kf6 Kd3 60. Kf5 f6 61. Kf4 f5 62. Kf3 f4 63. Kf2 Ke4 64. Ke2 f3+ 65. Kf2 Kf4 66. Kf1 Kg3 67. Kg1 Kf4 68. Kf2 Kg4 69. Kf1 Kf5 70. Kf2 Ke4 71. Kf1 Ke3 72. Ke1 f2+ 73. Kf1 Kf3 1/2-1/2


[Site "https://www.chess.com"]

[Event "Titled Tuesday Blitz April 25 Late 2023"]
[White "Kovalevsky, Stanislav"]
[Black "Aldokhin, Ivan"]
[WhiteFideId "13508598"]
[BlackFideId "24115720"]
[WhiteElo "2174"]
[BlackElo "2322"]
[Result "0-1"]
[Round "09"]
[TimeControl "180+2"]
[Date "2023.04.25"]
[WhiteClock "0:00:02"]
[BlackClock "0:00:03"]

1. c4 Nf6 2. Nc3 g6 3. g3 Bg7 4. e4 d6 5. Bg2 O-O 6. Nge2 c5 7. a3 Nc6 8. Rb1 e6 9. b4 cxb4 10. axb4 d5 11. exd5 exd5 12. Nxd5 Nxd5 13. Bxd5 Bh3 14. d4 Re8 15. Be3 Ne7 16. Bxb7 Nf5 17. Qd3 Rb8 18. Bf3 Bxd4 19. Nxd4 Nxd4 20. Bd5 Nf3+ 21. Kd1 Ne5 22. Qd4 Nxc4 23. Bxc4 Qxd4+ 24. Bxd4 Red8 25. Kc2 Bf5+ 26. Kc3 Rbc8 27. Bc5 Bxb1 28. Rxb1 a5 29. Ra1 axb4+ 30. Kxb4 Rd7 31. Ra7 Rd1 32. Bxf7+ Kh8 33. Bb3 Rd3 34. Bc4 Rd1 35. Bb3 Rb8+ 36. Kc3 Rc1+ 37. Kd4 Rxb3 38. Ra8+ Kg7 39. Bd6 Rd1+ 40. Kc5 Rc3+ 41. Kb4 Rcd3 42. Be5+ Kf7 43. Ra7+ Ke6 44. f4 Rb1+ 45. Kc4 Rd7 46. Ra6+ Kf5 47. h3 Ke4 48. Rf6 Rc1+ 49. Kb3 Rb7+ 50. Ka2 Rc8 51. Ra6 Rd7 52. h4 Rd2+ 53. Kb3 Rd3+ 54. Kb4 Rxg3 55. h5 gxh5 56. Rh6 Rg1 57. Rxh5 Rb1+ 58. Ka3 Ra8# 0-1


[Site "https://www.chess.com"]

[Event "Titled Tuesday Blitz April 25 Late 2023"]
[White "Gonzalez Zamora, Juan Carlos"]
[Black "O`Gorman, Tom"]
[WhiteFideId "3507548"]
[BlackFideId "2508249"]
[WhiteElo "2535"]
[BlackElo "2271"]
[Result "0-1"]
[Round "09"]
[TimeControl "180+2"]
[Date "2023.04.25"]
[WhiteClock "0:00:05"]
[BlackClock "0:00:22"]

1. e4 c6 2. d4 d5 3. exd5 cxd5 4. c4 Nf6 5. Nc3 e6 6. Nf3 Be7 7. cxd5 Nxd5 8. Bd3 O-O 9. O-O Nc6 10. Re1 Nf6 11. Be3 b6 12. Rc1 Bb7 13. Bb1 Rc8 14. a3 Na5 15. Ne5 Nc4 16. Nxc4 Rxc4 17. Ba2 Rc8 18. Qd3 Qd7 19. Rcd1 Rfd8 20. h3 Nd5 21. Bd2 Nxc3 22. Bxc3 Bf6 23. Bb1 g6 24. Qg3 Qd6 25. Qg4 h5 26. Qe2 Qd5 27. f3 Qd6 28. Be4 Bd5 29. Qd3 Kg7 30. Kh1 Qf4 31. Bd2 Qg3 32. Be3 Be7 33. Bg1 Rd7 34. Bh2 Qg5 35. Bxd5 Rxd5 36. Re5 Rxe5 37. dxe5 Rd8 38. Qe2 Rxd1+ 39. Qxd1 Qe3 40. Bg1 Qf4 41. Bh2 Qc4 42. Bg3 Bc5 43. Qe1 Bd4 44. b4 Qd3 45. a4 Qb3 46. b5 Qxa4 47. Qf1 Qc2 48. f4 Qb2 49. Bh4 Kg8 50. Bf6 Qd2 51. Kh2 Be3 52. Bg5 Qd4 53. Qf3 Bg1+ 54. Kg3 Qd2 55. h4 Qe1+ 56. Kh3 Bf2 57. g3 Qf1+ 58. Qg2 Qxg2+ 59. Kxg2 Be1 60. Bd8 Kf8 61. Bc7 Ke8 62. Kf3 Kd7 63. Bd6 Kc8 64. Bf8 Kb7 65. Bd6 a5 66. bxa6+ Kxa6 67. g4 Bxh4 68. gxh5 gxh5 69. Ke4 Bd8 70. f5 exf5+ 71. Kxf5 h4 72. Kg4 Kb5 73. Kf5 Kc4 74. Ke4 b5 0-1


[Site "https://www.chess.com"]

[Event "Titled Tuesday Blitz April 25 Late 2023"]
[White "Baltic, Fatih"]
[Black "Espinosa, Pedro"]
[WhiteFideId "12979090"]
[BlackFideId "30921066"]
[WhiteElo "2200"]
[BlackElo "2016"]
[Result "0-1"]
[Round "09"]
[TimeControl "180+2"]
[Date "2023.04.25"]
[WhiteClock "0:00:08"]
[BlackClock "0:00:05"]

1. Nf3 d5 2. g3 g6 3. Bg2 Bg7 4. O-O e5 5. d3 Nc6 6. Nbd2 Nge7 7. c4 O-O 8. Rb1 h6 9. b4 dxc4 10. Nxc4 Nd5 11. Bd2 a6 12. e3 Be6 13. Qc2 Qe7 14. Rfd1 Ndxb4 15. Bxb4 Nxb4 16. Qd2 Bxc4 17. dxc4 c5 18. a3 Nc6 19. Qc2 Rfd8 20. Nd2 f5 21. Bd5+ Kh7 22. Rb6 Rd7 23. f3 f4 24. e4 fxg3 25. hxg3 Nd4 26. Qd3 Rf8 27. Rf1 Qg5 28. Kg2 h5 29. Rh1 Bh6 30. Rb2 b5 31. Rf1 Ne6 32. Kh2 Nd4 33. Rg1 h4 34. g4 Qf4+ 35. Kh3 b4 36. axb4 cxb4 37. Rg2 Kg7 38. Rxb4 Bg5 39. Rb3 Qf6 40. Rg1 Ne6 41. Rgb1 Nf4+ 42. Kh2 Nxd3 43. Rxd3 Bxd2 44. Kg2 Bf4 45. Rdb3 h3+ 46. Kh1 h2 47. Rb7 Rd8 48. R7b6 Qe7 49. Rxa6 Rd6 50. Rb7 R8d7 51. Raa7 Rxb7 52. Rxb7 Rd7 53. Rb6 Qc5 54. Rb1 Qf2 55. Be6 Rd2 0-1


[Site "https://www.chess.com"]

[Event "Titled Tuesday Blitz April 25 Late 2023"]
[White "Munoz, Francisco Javier"]
[Black "Rangel, Daniel"]
[WhiteFideId "128368"]
[BlackFideId "2124475"]
[WhiteElo "2383"]
[BlackElo "2256"]
[Result "1-0"]
[Round "09"]
[TimeControl "180+2"]
[Date "2023.04.25"]
[WhiteClock "0:02:11"]
[BlackClock "0:02:07"]

1. e4 c5 2. Nc3 g6 3. d4 cxd4 4. Qxd4 Nf6 5. Nf3 Nc6 6. Qa4 d6 7. e5 dxe5 8. Nxe5 Bd7 9. Nxd7 Nxd7 10. Be3 Bg7 11. O-O-O O-O 12. h4 Qc8 13. Nd5 Nb6 14. Qxc6 bxc6 15. Nxe7+ Kh8 16. Nxc8 Rfxc8 17. h5 Na4 18. Bd4 Bxd4 19. Rxd4 Kg7 20. Rxa4 1-0


[Site "https://www.chess.com"]

[Event "Titled Tuesday Blitz April 25 Late 2023"]
[White "Martinez Reyes, Pedro Ramon"]
[Black "Bryant, Todd"]
[WhiteFideId "3901807"]
[BlackFideId "2031299"]
[WhiteElo "2340"]
[BlackElo "2075"]
[Result "1-0"]
[Round "09"]
[TimeControl "180+2"]
[Date "2023.04.25"]
[WhiteClock "0:01:46"]
[BlackClock "0:01:26"]

1. d4 Nf6 2. c4 g6 3. Nc3 Bg7 4. e4 d6 5. f4 c5 6. d5 O-O 7. Nf3 e6 8. dxe6 fxe6 9. e5 dxe5 10. Qxd8 Rxd8 11. Nxe5 Ng4 12. Nxg4 Nc6 13. Be3 e5 14. Nxe5 Nxe5 15. fxe5 Bxe5 16. Rd1 Re8 17. Nd5 Bg4 18. Be2 Bf5 19. O-O Be4 20. Bf3 Bxf3 21. Rxf3 b5 22. Bxc5 bxc4 23. Bd4 Bxd4+ 24. Rxd4 Re2 25. Rf2 Re1+ 26. Rf1 Re2 27. Nf6+ Kg7 28. Rd7+ Kh6 29. h4 Rh8 30. g4 g5 31. Rf5 Rxb2 32. Rxg5 c3 33. Rd6 Rb6 34. Ng8# 1-0


[Site "https://www.chess.com"]

[Event "Titled Tuesday Blitz April 25 Late 2023"]
[White "Kavutskiy, Konstantin"]
[Black "Albuquerque Junior,Wellington S."]
[WhiteFideId "2026384"]
[BlackFideId "2151480"]
[WhiteElo "2323"]
[BlackElo "2109"]
[Result "1-0"]
[Round "09"]
[TimeControl "180+2"]
[Date "2023.04.25"]
[WhiteClock "0:00:38"]
[BlackClock "0:00:04"]

1. d4 Nf6 2. Bg5 c5 3. d5 Qb6 4. Nc3 d6 5. e4 Nbd7 6. Nf3 a6 7. a4 g6 8. a5 Qc7 9. Nd2 h6 10. Bh4 Bg7 11. Be2 O-O 12. O-O b5 13. axb6 Nxb6 14. f4 Bb7 15. Bf3 Rfe8 16. Re1 e6 17. dxe6 Rxe6 18. e5 dxe5 19. Rxe5 Bxf3 20. Qxf3 Rxe5 21. fxe5 Qxe5 22. Kh1 g5 23. Bg3 Qe6 24. Re1 Qc8 25. Re7 1-0


[Site "https://www.chess.com"]

[Event "Titled Tuesday Blitz April 25 Late 2023"]
[White "Tomaszewski, Kacper"]
[Black "Garmash, Aliona"]
[WhiteFideId "1127373"]
[BlackFideId "34127620"]
[WhiteElo "2211"]
[BlackElo "1959"]
[Result "1-0"]
[Round "09"]
[TimeControl "180+2"]
[Date "2023.04.25"]
[WhiteClock "0:01:12"]
[BlackClock "0:00:12"]

1. d4 d5 2. c4 c6 3. Nc3 dxc4 4. e4 b5 5. a4 b4 6. Nce2 Nf6 7. Ng3 e6 8. Nf3 Nbd7 9. Bxc4 Nb6 10. Bd3 a5 11. Qe2 Bb7 12. O-O Be7 13. Rd1 O-O 14. e5 Nfd5 15. Nh5 Qc8 16. Qe4 g6 17. Bh6 Rd8 18. Nh4 c5 19. Qg4 Bxh4 20. Qxh4 cxd4 21. Nf6+ Kh8 22. Bf8 1-0


[Site "https://www.chess.com"]

[Event "Titled Tuesday Blitz April 25 Late 2023"]
[White "Tsyhanchuk, Stanislav"]
[Black "Adewumi, Tanitoluwa"]
[WhiteFideId "13505130"]
[BlackFideId "30966396"]
[WhiteElo "2173"]
[BlackElo "2283"]
[Result "1-0"]
[Round "09"]
[TimeControl "180+2"]
[Date "2023.04.25"]
[WhiteClock "0:00:16"]
[BlackClock "0:00:01"]

1. c4 e5 2. Nc3 Nc6 3. g3 g6 4. Bg2 d6 5. e3 Bg7 6. Nge2 Nf6 7. O-O O-O 8. h3 Be6 9. Nd5 Ne7 10. Nec3 c6 11. Nxf6+ Bxf6 12. b3 d5 13. cxd5 cxd5 14. Bb2 d4 15. Ne4 Bg7 16. exd4 exd4 17. d3 Nd5 18. Rc1 Rc8 19. Qd2 Qb6 20. Ba3 Rfd8 21. Nd6 Rxc1 22. Rxc1 Nc3 23. Nc4 Qa6 24. Bb4 b5 25. Na5 Qb6 26. Nc6 Re8 27. Nxd4 Nxa2 28. Nxe6 Nxc1 29. Nxg7 Ne2+ 30. Kh2 Kxg7 31. Qe1 Qe6 32. Be4 Nd4 33. Bc3 Rd8 34. Qe3 Qf6 35. Kg2 b4 36. Bxb4 Nxb3 37. Qxa7 Qb2 38. Qb6 Nd4 39. Qxd8 Qxb4 40. Qc7 Ne6 41. Qe5+ Kg8 42. Bd5 Nf8 43. Qf6 1-0


[Site "https://www.chess.com"]

[Event "Titled Tuesday Blitz April 25 Late 2023"]
[White "Kubatko, Ivan"]
[Black "Di Berardino, Diego Rafael"]
[WhiteFideId "24111473"]
[BlackFideId "2105446"]
[WhiteElo "2285"]
[BlackElo "2432"]
[Result "1/2-1/2"]
[Round "09"]
[TimeControl "180+2"]
[Date "2023.04.25"]
[WhiteClock "0:00:08"]
[BlackClock "0:00:46"]

1. e4 Nf6 2. e5 Nd5 3. c4 Nb6 4. d4 d6 5. exd6 exd6 6. Nc3 Be7 7. Nf3 O-O 8. Be2 Bf6 9. O-O Bg4 10. b3 Nc6 11. Be3 d5 12. c5 Nc8 13. h3 Bxf3 14. Bxf3 N8e7 15. Rc1 b6 16. cxb6 axb6 17. Nxd5 Nxd5 18. Rxc6 Rxa2 19. Bxd5 Qxd5 20. Rxc7 Re8 21. Qd3 h6 22. Qc4 Rd8 23. Qxd5 Rxd5 24. Rd1 Rb2 25. Rd3 Rb1+ 26. Kh2 Be5+ 27. dxe5 Rxd3 28. Bxb6 Rbxb3 29. Be3 Rd5 30. Rc8+ Kh7 31. Re8 g5 32. e6 fxe6 33. Rxe6 Rd7 34. Kg3 Rf7 35. h4 Rg7 36. hxg5 hxg5 37. Re5 Kh6 38. Re6+ Rg6 39. Re8 Kg7 40. Re7+ Kf6 41. Ra7 Kf5 42. Ra5+ Ke6 43. Ra6+ Kf7 44. Ra7+ Kg8 45. Ra8+ Kg7 46. Ra7+ Kh6 47. Ra8 Rd3 48. Rh8+ Kg7 49. Ra8 Rd7 50. Ra5 Kh6 51. Ra8 Rf7 52. Rh8+ Rh7 53. Ra8 Rc6 54. Ra5 Rg7 55. Rb5 Re6 56. Ra5 Rc6 57. Rb5 1/2-1/2


[Site "https://www.chess.com"]

[Event "Titled Tuesday Blitz April 25 Late 2023"]
[White "Moral Garcia, Serafin"]
[Black "Rosen, Eric"]
[WhiteFideId "2201925"]
[BlackFideId "2032562"]
[WhiteElo "2274"]
[BlackElo "2331"]
[Result "0-1"]
[Round "09"]
[TimeControl "180+2"]
[Date "2023.04.25"]
[WhiteClock "0:00:25"]
[BlackClock "0:00:01"]

1. Nf3 d5 2. b3 Nf6 3. Bb2 Bf5 4. g3 e6 5. Bg2 c6 6. O-O Be7 7. d3 h6 8. Nbd2 Bh7 9. c4 O-O 10. Qc2 a5 11. a3 Nbd7 12. Rfe1 Re8 13. e4 dxe4 14. Nxe4 Nxe4 15. dxe4 Bf6 16. Rad1 Bxb2 17. Qxb2 Qe7 18. Nd4 Nc5 19. b4 axb4 20. axb4 Na4 21. Qb3 Red8 22. c5 Qc7 23. Nc2 b5 24. e5 Rxd1 25. Rxd1 Qxe5 26. Bxc6 Qe2 27. Ne3 Rc8 28. Bd7 Rf8 29. c6 Nb6 30. Qc3 Be4 31. Rd2 Qf3 32. Kf1 Nc4 33. Rd4 Ra8 34. Qe1 Ra2 35. Rxe4 Qh1# 0-1


[Site "https://www.chess.com"]

[Event "Titled Tuesday Blitz April 25 Late 2023"]
[White "Womacka, Mathias"]
[Black "Vlassov, Nikolai"]
[WhiteFideId "4611390"]
[BlackFideId "4103360"]
[WhiteElo "2377"]
[BlackElo "2324"]
[Result "0-1"]
[Round "09"]
[TimeControl "180+2"]
[Date "2023.04.25"]
[WhiteClock "0:00:03"]
[BlackClock "0:00:12"]

1. e4 c5 2. Nf3 d6 3. d4 cxd4 4. Nxd4 Nf6 5. Nc3 a6 6. Be2 g6 7. O-O Bg7 8. Re1 O-O 9. Bf1 Nc6 10. Nb3 Be6 11. Nd5 Rc8 12. Bg5 Bxd5 13. exd5 Ne5 14. a4 Qc7 15. c3 Rfe8 16. a5 Nc4 17. Ra2 b5 18. axb6 Qxb6 19. Bxf6 Bxf6 20. Re4 Ne5 21. Rxa6 Qb7 22. f4 Nc4 23. Bxc4 Rxc4 24. Rxc4 Qxa6 25. Rc6 Qa7+ 26. Nd4 Bxd4+ 27. cxd4 Rb8 28. Qd2 Qa1+ 29. Rc1 Rxb2 30. Rxa1 Rxd2 31. Ra7 Kf8 32. Ra8+ Kg7 33. Ra4 Kf6 34. g4 h5 35. h3 Rb2 36. Rc4 Rb5 37. Kf2 Rxd5 38. Kf3 Ra5 39. Rc7 Ra3+ 40. Ke4 e6 41. g5+ Kg7 42. h4 d5+ 43. Ke5 Re3+ 44. Kd6 Re4 45. Ke7 Rxd4 46. Ke8 Rxf4 47. Rd7 d4 48. Kd8 e5 49. Ke8 Kg8 50. Rd5 Rxh4 51. Rxe5 Rf4 52. Ke7 h4 0-1


[Site "https://www.chess.com"]

[Event "Titled Tuesday Blitz April 25 Late 2023"]
[White "Estrada Nieto, Julian"]
[Black "Fiorito, Francisco"]
[WhiteFideId "5101018"]
[BlackFideId "180165"]
[WhiteElo "2161"]
[BlackElo "2341"]
[Result "0-1"]
[Round "09"]
[TimeControl "180+2"]
[Date "2023.04.25"]
[WhiteClock "0:00:02"]
[BlackClock "0:00:02"]

1. e4 c5 2. Nf3 Nc6 3. Bb5 g6 4. Bxc6 dxc6 5. d3 Bg7 6. h3 Qc7 7. Nc3 e5 8. Be3 b6 9. Qd2 h6 10. O-O Ne7 11. Nh2 g5 12. Ne2 Ng6 13. Ng3 O-O 14. Nh5 f6 15. Nxg7 Kxg7 16. a3 Be6 17. b4 cxb4 18. axb4 Rfd8 19. Qc3 Rab8 20. d4 Rbc8 21. Ra3 Nf4 22. Bxf4 exf4 23. Rfa1 Ra8 24. Nf3 Qd7 25. d5 cxd5 26. e5 d4 27. exf6+ Kxf6 28. Qe1 Bf5 29. Qe5+ Kg6 30. Rd1 Re8 31. Rxd4 Qf7 32. Rd6+ Re6 33. Nd4 Rxd6 34. Qxd6+ Qf6 35. Qd5 Rd8 36. Qxf5+ Qxf5 37. Nxf5 Kxf5 38. Rxa7 Rd1+ 39. Kh2 Rd2 40. f3 Rxc2 41. Rb7 Rc6 42. Rf7+ Ke5 43. Rh7 Kd4 44. b5 Rd6 45. Rc7 Kd5 46. h4 gxh4 47. Kh3 Rg6 48. Rc8 Rg3+ 49. Kh2 h5 50. Rc6 h3 51. gxh3 Rxf3 52. Rxb6 Rf2+ 53. Kg1 Rb2 54. Rb8 Ke4 55. b6 Kf3 56. b7 h4 57. Kh1 Rb6 58. Kg1 Rg6+ 59. Kh1 Rb6 60. Kh2 Rb1 0-1


[Site "https://www.chess.com"]

[Event "Titled Tuesday Blitz April 25 Late 2023"]
[White "Musovic, Armin"]
[Black "ArtemDyachuk"]
[WhiteFideId "939935"]
[WhiteElo "2322"]
[BlackElo "2440"]
[Result "0-1"]
[Round "09"]
[TimeControl "180+2"]
[Date "2023.04.25"]
[WhiteClock "0:00:03"]
[BlackClock "0:00:12"]

1. a3 e5 2. Nc3 d5 3. d4 exd4 4. Qxd4 Nf6 5. e4 Nc6 6. Bb5 Bd7 7. Bxc6 bxc6 8. e5 Ng8 9. Nf3 Ne7 10. O-O Nf5 11. Qa4 d4 12. Ne4 c5 13. Qa6 Rb8 14. Re1 Rb6 15. Qxa7 Bc6 16. Nf6+ gxf6 17. exf6+ Kd7 18. Ne5+ Kc8 19. Nxf7 Qd5 20. Re8+ Bxe8 21. Nxh8 Bb5 22. Bf4 Qb7 23. Qxb7+ Kxb7 24. Be5 Bc4 25. b3 Bd5 26. a4 Nh6 27. f7 Nxf7 28. Nxf7 Bxf7 29. f4 Rb4 30. Kf2 c4 31. bxc4 Rxc4 32. Rb1+ Ka6 33. Rb2 Ba3 34. Rb8 Rxc2+ 35. Kg3 d3 36. Ra8+ Kb7 37. Rd8 d2 38. f5 Bd6 39. Bxd6 d1=Q 40. Bxc7 Rc3+ 41. Kh4 Qh5# 0-1


[Site "https://www.chess.com"]